 Dungeon Crawl Stone Soup version 0.22.1-1-ga44c0e56f4 (webtiles) character file.

175 Gargoyl the Skirmisher (level 5, -1/69 HPs)
             Began as a Centaur Abyssal Knight on Oct 11, 2018.
             Was a Believer of Lugonu.
             Slain by an ice beast (14 damage)
             ... on level 4 of the Dungeon.
             The game lasted 00:04:14 (3185 turns).

Gargoyl the Skirmisher (Centaur Abyssal Knight)     Turns: 3185, Time: 00:04:15

Health: -1/69      AC: 22    Str: 14    XL:     5   Next: 29%
Magic:  7/7        EV:  1    Int: 11    God:    Lugonu [**....]
Gold:   132        SH:  0    Dex: 10    Spells: 4/4 levels left

rFire    . . .     SeeInvis .   a - +2 hand axe
rCold    . . .     Gourm    .   (no shield)
rNeg     + + +     Faith    .   (armour currently unavailable)
rPois    +         Spirit   .   (helmet currently unavailable)
rElec    .         Reflect  .   (cloak currently unavailable)
rCorr    .         Harm     .   (gloves currently unavailable)
MR       .....     NoTele   +   (no barding)
Stlth    +.........             (no amulet)
HPRegen  0.21/turn              (no ring)
MPRegen  0.10/turn              (no ring)

@: lethally poisoned (-1 -> -2), tree-form
A: large
a: Depart the Abyss, Bend Space, Renounce Religion


You were on level 4 of the Dungeon.
You worshipped Lugonu.
Lugonu was pleased with you.
You were not hungry.
You were a tree.
You visited 1 branch of the dungeon, and saw 4 of its levels.
You visited the Abyss 1 time.

You collected 132 gold pieces.

Inventory:

Hand Weapons
 a - a +2 hand axe (weapon)
 o - a +0 hand axe of holy wrath
Armour
 d - a +0 chain mail (melded)
 i - a scarf of repulsion (melded)
 k - a +2 hat (melded)
 q - a +0 pair of gloves (melded)
Scrolls
 e - a scroll of identify
 g - 2 scrolls of remove curse
Potions
 b - a potion of agility {unknown}
 f - 2 potions of lignification
 h - 3 potions of heal wounds {unknown}
 j - a potion of flight {unknown}
 l - 2 potions of haste {unknown}
 m - 2 potions of curing {unknown}
 s - 2 potions of invisibility {unknown}
Comestibles
 c - 4 rations
 n - 3 chunks of flesh


   Skills:
 + Level 3.9 Fighting
 + Level 3.1 Axes
 * Level 2.5 Armour
 + Level 0.6 Dodging
 * Level 2.8 Invocations


You had 4 spell levels left.
You didn't know any spells.
Your spell library was empty.

Dungeon Overview and Level Annotations

Branches:
Dungeon (4/15)
 Temple: D:4-7

Altars:
The Shining One


Innate Abilities, Weirdness & Mutations

((You have hooves in place of feet.))
((Armour fits poorly on your strangely shaped body.))
((You cover ground very quickly.))
((You have extremely tough skin. (AC +3)))


Message History

You hit the ice beast.
The ice beast is heavily wounded.
The ice beast hits you but does no damage.
You hit the ice beast but do no damage.
The ice beast is heavily wounded.
You feel sick.
The ice beast hits you but does no damage.
You barely miss the ice beast.
The ice beast is heavily wounded.
The ice beast hits you but does no damage.
The ice beast barely misses you.
You closely miss the ice beast.
The ice beast is heavily wounded.
The ice beast hits you but does no damage.
You hit the ice beast but do no damage.
The ice beast is heavily wounded.
The ice beast hits you.
* * * LOW HITPOINT WARNING * * *
The ice beast freezes you!
You die...

#.# #.# # #.#
### .# ...
..##.# #.#
#.#..# #.#
#....####
#.###........
#♣Y......#
#######.## #


You could see an ice beast.

Vanquished Creatures
  A crimson imp (D:2)
  An orc wizard (D:4)
  4 adders (D:2)
  5 worms (D:2)
  2 dart slugs (D:2)
  8 orcs (D:3)
  2 giant cockroaches (D:1)
  5 hobgoblins
  4 jackals (D:2)
  4 kobolds
  A quokka (D:2)
  2 ball pythons
  10 bats
  2 frilled lizards
  3 goblins
  7 rats
61 creatures vanquished.

Notes
Turn   | Place    | Note
-------+----------+-------------------------------------------
     0 | Abyss:1  | Gargoyl the Centaur Abyssal Knight began the quest for the
                  | Orb.
     0 | Abyss:1  | Reached XP level 1. HP: 19/19 MP: 2/2
     0 | Abyss:1  | Found a corrupted altar of Lugonu.
    94 | Abyss:1  | Noticed a raiju
   109 | D:1      | Escaped the Abyss
   371 | D:1      | Reached * piety under Lugonu
   729 | D:1      | Reached XP level 2. HP: 26/26 MP: 3/3
  1158 | D:2      | Reached XP level 3. HP: 14/31 MP: 4/4
  1875 | D:2      | Found a glowing golden altar of the Shining One.
  2209 | D:2      | Reached XP level 4. HP: 38/38 MP: 5/5
  2882 | D:3      | Reached XP level 5. HP: 40/46 MP: 7/7
  2889 | D:3      | Reached ** piety under Lugonu
  3167 | D:4      | Noticed an ice beast
  3185 | D:4      | Slain by an ice beast

Skill      XL: |  1  2  3  4  5 |
---------------+----------------+-----
Axes           | 2 3 |  3.1
Armour         | 2 |  2.5
Fighting       | |  3.9
Dodging        | |  0.6
Invocations    | |  2.8

Action                   |  1- 3 |  4- 6 || total
-------------------------+-------+-------++-------
Melee: Hand axe          |   140 |    64 ||   204
       Kick              |    23 |     9 ||    32
Invok: Depart the Abyss  |     1 |       ||     1
  Use: Scroll            |     2 |     4 ||     6
       Potion            |       |     1 ||     1
  Eat: Chunk             |     3 |     3 ||     6
Armor: Chain mail        |   151 |    48 ||   199
       Skin              |       |    11 ||    11
Dodge: Dodged            |    41 |    16 ||    57
       Deflected         |     1 |       ||     1
